 Dungeon Crawl Stone Soup version 0.31.0-12-g77e489cdc1 (webtiles) character file.

Game seed: 2566011281142770052

714 NotreDorf the Magician (level 7, -6/46 HPs)
             Began as a Mummy Hedge Wizard on Feb 12, 2024.
             Incinerated by a bombardier beetle (9 damage)
             ... with a burning spray
             ... on level 5 of the Dungeon.
             The game lasted 00:19:06 (4608 turns).

NotreDorf the Magician (Mummy Hedge Wizard)         Turns: 4608, Time: 00:19:06

Health: -6/46      AC: 10    Str: 11    XL:     7   Next: 41%
Magic:  16/16      EV: 12    Int: 18    God:
Gold:   287        SH:  0    Dex: 11    Spells: 6/18 levels left

rFire   x . .        d - +0 war axe
rCold   + . .        (no shield)
rNeg    + + +        b - +0 robe
rPois   ∞            c - +0 hat
rElec   .            g - +0 cloak
rCorr   .            (no gloves)
SInv    .            e - +2 pair of boots {Fly}
Will    +....        n - amulet of magic regeneration
Stlth   +            r - ring of Ifroph {Will+ AC+4 Str-3 Int+3}
HPRegen 0.27/turn    (no ring)
MPRegen 0.55/turn

%: faith
@: on fire, flying, glowing
A: cold resistance 1, negative energy resistance 3, torment resistance 2, heat
vulnerability 1, in touch with death 1, no potions, faith
a: no special abilities


You were on level 5 of the Dungeon.
You visited 1 branch of the dungeon, and saw 5 of its levels.
You also visited: Ossuary.

You collected 287 gold pieces.

Inventory:

Hand Weapons
 a - a +0 dagger
 d - a +0 war axe (weapon)
 f - a +0 dagger of speed
Missiles
 l - a throwing net
Armour
 b - a +0 robe (worn)
 c - a +0 hat (worn)
 e - a +2 pair of boots of flying (worn)
 g - a +0 cloak (worn)
Jewellery
 n - an amulet of magic regeneration (around neck)
 r - the ring of Ifroph (left hand) {Will+ AC+4 Str-3 Int+3}
   (You found it on level 3 of the Dungeon)

   [ring of protection]

   AC+4:      It affects your AC (+4).
   Str-3:     It affects your strength (-3).
   Int+3:     It affects your intelligence (+3).
   Will+:     It increases your willpower.
Wands
 w - a wand of charming (8)
Scrolls
 h - a scroll of brand weapon {unknown}
 i - a scroll of immolation {unknown}
 j - 2 scrolls of blinking {unknown}
 k - a scroll of poison {unknown}
 m - 3 scrolls of noise {unknown}
 o - 2 scrolls of identify {unknown}
 p - 6 scrolls of teleportation {unknown}
 q - a scroll of enchant armour {unknown}
 s - a scroll of fog {unknown}
 t - 5 scrolls of enchant weapon {unknown}
 u - 2 scrolls of silence {unknown}
 v - a scroll of amnesia {unknown}


   Skills:
 - Level 2.3 Dodging
 - Level 3.0 Stealth
 + Level 6.1 Spellcasting
 + Level 3.2 Conjurations
 - Level 0.7 Summonings
 - Level 0.7 Translocations
 + Level 2.3 Fire Magic
 + Level 2.6 Alchemy


You had 6 spell levels left.
You knew the following spells:

 Your Spells              Type           Power      Damage    Failure   Level
a - Magic Dart            Conj           68%        1d6       3%          1
b - Blink                 Tloc           16%        N/A       13%         2
c - Mephitic Cloud        Conj/Alch/Air  12%        N/A       16%         3
d - Ignite Poison         Fire/Alch      14%        N/A       38%         4
e - Mercury Vapours       Alch/Air       20%        N/A       11%         2

Your spell library contained the following spells:

 Spells                   Type           Power      Damage    Failure   Level
 Slow                     Hex            20%        N/A       12%         1
 Cigotuvi's Dreadful Rot  Necr/Alch/Air  26%        N/A       12%         2
 Call Imp                 Summ           16%        N/A       13%         2
 Ensorcelled Hibernation  Hex/Ice        10%        N/A       19%         2
 Confusing Touch          Hex            5%         N/A       34%         3
 Passwall                 Erth           5%         N/A       34%         3
 Swiftness                Air            5%         N/A       34%         3
 Alistair's Intoxication  Alch           10%        N/A       73%         5


Dungeon Overview and Level Annotations

Branches:
Dungeon (5/15)            Ossuary (visited)
 Temple: D:4-7

Altars:
Cheibriados
Hepliaklqana
Okawaru
Ru
Trog
Uskayaw
Wu Jian
Xom
Yredelemnul

Shops:
D:2 (   D:3 !


Innate Abilities, Weirdness & Mutations

You are immune to poison.
Your flesh is cold resistant. (rC+)
You are immune to negative energy. (rN+++)
You are immune to unholy pain and torment.
You are vulnerable to heat. (rF-)
You are in touch with the powers of death.
You do not drink.
You have a special connection with the divine. (Faith)


Message History

The scorpion closely misses you.
The bombardier beetle closely misses you.
You closely miss the scorpion.
The scorpion is severely wounded.
You hit the bombardier beetle but do no damage.
The scorpion stings you but does no damage.
The scorpion completely misses you.
The bombardier beetle sprays incendiary fluid at you.
The burning spray hits you.
You are covered in liquid fire!
You barely miss the scorpion.
The scorpion is severely wounded.
You hit the bombardier beetle but do no damage.
The liquid fire burns you!
The scorpion stings you but does no damage.
The scorpion stings you.
The bombardier beetle bites you but does no damage.
You closely miss the scorpion.
The scorpion is severely wounded.
You hit the bombardier beetle. The liquid fire burns you!
The scorpion barely misses you.
The scorpion stings you but does no damage.
The bombardier beetle bites you but does no damage.
You closely miss the scorpion.
The scorpion is severely wounded.
You hit the bombardier beetle. The liquid fire burns you!
* * * LOW HITPOINT WARNING * * *
The scorpion stings you.
* * * LOW HITPOINT WARNING * * *
The bombardier beetle sprays incendiary fluid at you.
The burning spray hits you.
You are even more covered in liquid fire!
The scorpion barely misses you.
You closely miss the scorpion.
The scorpion is severely wounded.
You barely miss the bombardier beetle. The liquid fire burns you!
You die...

#########..####..##.####.##....#
#.....#......#.....'....+
#.....#......#.....#....#
#.....#......#.....#....#
########+###.##...###'###
#...##..##.##...###...#
#.......#...[....#....##
+.......'........+....##
#......@#........#......
#...?.Bs#........#......
#..##...###...##.##...## #.
#...# ...##.##...## .....
............. ......
...........## .......
...........## #.......+
............. .............


You could see a scorpion and a bombardier beetle.

Vanquished Creatures
  A black bear (D:5)
  2 scorpions (Ossuary)
  A howler monkey (D:5)
  A jelly (D:5)
  2 hounds
  6 scorpion zombies (Ossuary)
  Terence (D:2)
  An iguana (D:5)
  2 orc wizards
  3 mummies (Ossuary)
  3 adders
  An adder zombie (Ossuary)
  3 dart slugs
  2 ribbon worms
  9 orcs
  8 ball pythons
  11 endoplasms
  4 giant cockroaches
  6 gnoll zombies
  5 goblins
  5 hobgoblins
  6 kobolds
  2 quokkas (D:1)
  8 bats
  3 jackal zombies (Ossuary)
  2 kobold zombies (Ossuary)
  4 rats
102 creatures vanquished.

Notes
Turn   | Place    | Note
-------+----------+-------------------------------------------
     0 | D:1      | NotreDorf the Mummy Hedge Wizard began the quest for the
                  | Orb.
     0 | D:1      | Reached XP level 1. HP: 13/13 MP: 5/5
    37 | D:1      | Reached skill level 1 in Conjurations
    77 | D:1      | Reached XP level 2. HP: 19/19 MP: 0/7
   348 | D:1      | Got the Collected Works on the Oath and Compounds
   370 | D:1      | Learned a level 2 spell: Blink
   873 | D:1      | Reached XP level 3. HP: 24/24 MP: 6/8
   908 | D:1      | Learned a level 3 spell: Mephitic Cloud
  1272 | D:2      | Noticed Terence
  1287 | D:2      | Killed Terence
  1288 | D:2      | Reached XP level 4. HP: 26/30 MP: 3/10
  1686 | D:2      | Found Ijitaokh's Antique Weapon Shop.
  2419 | D:2      | Learned a level 4 spell: Ignite Poison
  2461 | D:3      | Found Cubrowum's Distillery.
  2492 | D:3      | Found a hazy altar of Hepliaklqana.
  2546 | D:3      | Found a sacrificial altar of Ru.
  2634 | D:3      | Identified the ring of Ifroph {Will+ AC+4 Str-3 Int+3}
  2869 | D:3      | Found a basalt altar of Yredelemnul.
  2885 | D:3      | Found an ornate altar of the Wu Jian Council.
  2948 | D:3      | Found a bloodstained altar of Trog.
  2958 | D:3      | Found a snail-covered altar of Cheibriados.
  2958 | D:3      | Found a hide-covered altar of Uskayaw.
  2959 | D:3      | Found a shimmering altar of Xom.
  3040 | D:3      | Learned a level 2 spell: Mercury Vapours
  3133 | D:4      | Found an iron altar of Okawaru.
  3470 | D:4      | Reached skill level 1 in Alchemy
  3470 | D:4      | Reached XP level 5. HP: 35/35 MP: 12/12
  3846 | D:5      | Entered Level 5 of the Dungeon
  3854 | D:5      | Reached skill level 5 in Spellcasting
  3878 | D:5      | Noticed a black bear
  3894 | D:5      | Reached skill level 1 in Fire Magic
  3894 | D:5      | Killed a black bear
  3895 | D:5      | Reached XP level 6. HP: 41/41 MP: 9/13
  4071 | D:5      | Found a sand-covered staircase.
  4082 | Ossuary  | Entered an ossuary
  4178 | Ossuary  | Reached XP level 7. HP: 43/46 MP: 15/15
  4392 | Ossuary  | Reached skill level 6 in Spellcasting
  4608 | D:5      | Incinerated by a bombardier beetle

Illustrated notes

Levels and vault maps discovered:
D:1:      lightli_arrival_isolated_outpost, layout_basic
D:2:      layout_basic, serial_shops, nicolae_shop_window_shopping, uniq_terence
D:3:      layout_basic, nicolae_overflow_quartered_altars, minitemple,
          serial_shops, shop, hangedman_decor_push, dreamdust_princess_bridge
D:4:      layout_layer_cave, lemuel_round_altar
D:5:      layout_gridville, makhleb_altar_promises_db,
          minmay_temple_entry_enclosed_plants, enter_ossuary_3,
          mainiacjoe_sewer_entry_somewhere_in_here_2

Skill      XL: |  1  2  3  4  5  6  7 |
---------------+----------------------+-----
Conjurations   | 1 2 3 |  3.2
Stealth        | 2 3 |  3.0
Dodging        | 2 |  2.3
Alchemy        | 1 2 |  2.6
Spellcasting   | 5 6 |  6.1
Fire Magic     | 1 2 |  2.3
Summonings     | |  0.7
Translocations | |  0.7

Action                     |  1- 3 |  4- 6 |  7- 9 || total
---------------------------+-------+-------+-------++-------
  Melee: War axe           |    21 |   130 |    65 ||   216
         Punch             |       |     2 |       ||     2
   Cast: Magic Dart        |    66 |   123 |       ||   189
         Mephitic Cloud    |       |     1 |       ||     1
         Mercury Vapours   |       |     1 |       ||     1
 Armour: Robe              |     8 |   141 |    79 ||   228
  Dodge: Dodged            |    13 |   119 |    68 ||   200
